 Dungeon Crawl Stone Soup version 0.24.0-123-gd5b16e6ec5 (webtiles) character file.

Game seed: 547486455053926031, levelgen mode: deterministic

210576 glosham the Executioner (level 18, -7/176 HPs)
             Began as a Minotaur Berserker on Jan 30, 2020.
             Was the Champion of Trog.
             Shot with a bolt by a yaktaur (8 damage)
             ... on level 1 of the Vaults on Feb 2, 2020.
             The game lasted 07:55:55 (21764 turns).

glosham the Executioner (Minotaur Berserker)       Turns: 21764, Time: 07:55:56

Health: -7/176     AC: 22    Str: 40    XL:     18   Next: 19%
Magic:  0/17       EV: 16    Int:  3    God:    Trog [******]
Gold:   918        SH:  0    Dex: 18    Spells: 17/17 levels left

rFire    + . .     SeeInvis +   a - +10 executioner's axe of the Everdark {elec, Int-2 Dex+6}
rCold    . . .     Gourm    .   (shield currently unavailable)
rNeg     . . .     Faith    .   X - +1 chain mail of the Lich-sworn {*Contam rCorr Str+2 Slay+3}
rPois    +         Spirit   +   (helmet restricted)
rElec    +         Reflect  .   Y - +1 cloak "Bykoat" {SInv}
rCorr    +         Harm     .   V - +2 pair of gloves
MR       +....                  W - +2 pair of boots
Stlth    ..........             z - amulet of guardian spirit
HPRegen  0.39/turn              A - ring of Vanoro Niro {rElec EV+4 Str+9}
MPRegen  0.15/turn              B - ring of Seoti {rF+ AC+3}

@: about to teleport
A: retaliatory headbutt, horns 2, mutation resistance 1, poison resistance,
strong 1
}: 1/15 runes: gossamer
a: Berserk, Trog's Hand, Brothers in Arms, Renounce Religion


You were on level 1 of the Vaults.
You worshipped Trog.
Trog was exalted by your worship.
You were not hungry.

You visited 5 branches of the dungeon, and saw 28 of its levels.
You also visited: Bailey and Ice Cave.

You collected 2826 gold pieces.
You spent 1908 gold pieces at shops.

Inventory:

Hand Weapons
 a - the +10 executioner's axe of the Everdark (weapon) {elec, Int-2 Dex+6}
   (Trog gifted it to you on level 12 of the Dungeon)

   Occasionally, upon striking a foe, it will discharge some electrical energy
   and cause terrible harm.
   It affects your intelligence (-2).
   It affects your dexterity (+6).
 b - a +7 arbalest
 c - the +8 demon trident "Jid Xaff" {drain, Str+3 Int+3}
   (You found it in an ice cave)

   A truly terrible weapon, it drains the life of those it strikes.
   It affects your strength (+3).
   It affects your intelligence (+3).
 d - a +6 antimagic battleaxe
 f - the +4 battleaxe of Trog's Outrage {venom, rF+ Dex+2}
   (Trog gifted it to you on level 1 of the Orcish Mines)

   It poisons the flesh of those it strikes.
   It affects your dexterity (+2).
   It protects you from fire.
Missiles
 t - 672 bolts
Armour
 F - the +6 plate armour of the Worm {+Blink}
   (You bought it in a shop on level 12 of the Dungeon)

   It lets you blink.
 R - a +2 troll leather armour {Snorg}
 V - a +2 pair of gloves (worn)
 W - a +2 pair of boots (worn)
 X - the +1 chain mail of the Lich-sworn (worn) {*Contam rCorr Str+2 Slay+3}
   (You found it on level 1 of the Lair of Beasts)

   It affects your strength (+2).
   It affects your accuracy and damage with ranged weapons and melee attacks
   (+3).
   It causes magical contamination when unequipped.
   It provides partial protection from all sources of acid and corrosion.
 Y - the +1 cloak "Bykoat" (worn) {SInv}
   (You found it on level 7 of the Dungeon)

   It lets you see invisible.
Magical Staves
 w - an uncursed staff of air
Jewellery
 z - an amulet of guardian spirit (around neck)
 A - the ring of Vanoro Niro (left hand) {rElec EV+4 Str+9}
   (You found it on level 4 of the Dungeon)

   [ring of evasion]

   It affects your evasion (+4).
   It affects your strength (+9).
   It insulates you from electricity.
 B - the ring of Seoti (right hand) {rF+ AC+3}
   (You found it on level 8 of the Dungeon)

   [ring of protection]

   It affects your AC (+3).
   It protects you from fire.
Wands
 g - a wand of flame (26)
 h - a wand of polymorph (3)
 i - a wand of paralysis (30)
 j - a wand of clouds (3)
Scrolls
 k - 13 scrolls of teleportation
 l - 6 scrolls of blinking
 m - 3 scrolls of fog
 n - 2 scrolls of fear
 o - 11 scrolls of remove curse
 p - 6 scrolls of identify
 u - a scroll of summoning
 I - 6 scrolls of magic mapping
Potions
 q - a potion of ambrosia
 r - 9 potions of curing
 s - 8 potions of heal wounds
 v - a potion of haste
 x - a potion of agility
 y - 4 potions of might
 C - 2 potions of cancellation
 D - 7 potions of flight
 E - 3 potions of invisibility
Miscellaneous
 G - a box of beasts
Comestibles
 e - 64 rations
 H - 15 chunks of flesh


   Skills:
 * Level 19.1 Fighting
 - Level 26.0 Axes
 - Level 18.0 Crossbows
 - Level 5.5 Armour
 - Level 3.8 Dodging


You had 17 spell levels left.
You didn't know any spells.
Your spell library contained the following spells:

 Spells                   Type           Power        Failure   Level  Hunger
 Animate Skeleton         Necr           N/A          89%         1    ##.....
 Apportation              Tloc           #.....       89%         1    ##.....
 Beastly Appendage        Tmut           #.....       89%         1    ##.....
 Confusing Touch          Hex            #.....       89%         1    ##.....
 Corona                   Hex            #......      89%         1    ##.....
 Flame Tongue             Conj/Fire      #....        89%         1    ##.....
 Magic Dart               Conj           #...         89%         1    ##.....
 Pain                     Necr           #...         89%         1    ##.....
 Sting                    Conj/Pois      #...         89%         1    ##.....
 Summon Small Mammal      Summ           #...         89%         1    ##.....
 Blink                    Tloc           N/A          96%         2    ###....
 Call Imp                 Summ           #.......     96%         2    ###....
 Ensorcelled Hibernation  Hex/Ice        #.....       96%         2    ###....
 Passwall                 Tmut/Erth      #.......     96%         2    ###....
 Poisonous Vapours        Pois/Air       #.....       96%         2    ###....
 Slow                     Hex            #.......     96%         2    ###....
 Sticks to Snakes         Tmut           #.......     96%         2    ###....
 Throw Flame              Conj/Fire      #.....       96%         2    ###....
 Confuse                  Hex            #.......     99%         3    ####...
 Conjure Flame            Conj/Fire      #.......     99%         3    ####...
 Dazzling Spray           Conj/Hex       #.....       99%         3    ####...
 Inner Flame              Hex/Fire       #.......     99%         3    ####...
 Mephitic Cloud           Conj/Pois/Air  #.......     99%         3    ####...
 Regeneration             Chrm/Necr      #.........   99%         3    ####...
 Spider Form              Tmut/Pois      #.........   99%         3    ####...
 Tukima's Dance           Hex            #.......     99%         3    ####...
 Vampiric Draining        Necr           #.........   99%         3    ####...
 Animate Dead             Necr           N/A          100%        4    #####..
 Cause Fear               Hex            #.........   100%        4    #####..
 Ice Form                 Ice/Tmut       #.......     100%        4    #####..
 Leda's Liquefaction      Hex/Erth       #.........   100%        4    #####..
 Olgreb's Toxic Radiance  Pois           #.......     100%        4    #####..
 Sticky Flame             Conj/Fire      #.......     100%        4    #####..
 Blade Hands              Tmut           #.........   100%        5    ######.
 Bolt of Magma            Conj/Fire/Erth #.........   100%        5    ######.
 Fireball                 Conj/Fire      #.........   100%        5    ######.
 Silence                  Hex/Air        #.........   100%        5    ######.
 Venom Bolt               Conj/Pois      #.........   100%        5    ######.
 Yara's Violent Unravell  Hex/Tmut       #.........   100%        5    ######.
 Deflect Missiles         Chrm/Air       #.........   100%        6    #######
 Iron Shot                Conj/Erth      #.........   100%        6    #######
 Statue Form              Tmut/Erth      #........    100%        6    #######
 Dragon Form              Tmut           #.........   100%        7    #######
 Discord                  Hex            #.........   100%        8    #######
 Shatter                  Erth           #.........   100%        9    #######


Dungeon Overview and Level Annotations

Branches:
Dungeon (15/15)            Temple (0/1) D:6            Lair (6/6) D:9
  Swamp (0/4) Lair:3       Spider (4/4) Lair:2        Slime (0/5) Lair:5
    Orc (2/2) D:11            Elf (0/3) Orc:2        Vaults (1/5) D:13
 Depths (0/5) D:15         Bailey (visited)           IceCv (visited)

Altars:
Qazlal
Trog
Uskayaw
Xom
Beogh

Shops:
D:12 [   Orc:1 :[   Orc:2 *:[(   Vaults:1 ?

Annotations:
D:7 rock dancing weapons


Innate Abilities, Weirdness & Mutations

You reflexively headbutt those who attack you in melee.
You have a pair of horns on your head.
You are somewhat resistant to further mutation.
Your system is resistant to poisons. (rPois)
Your muscles are strong. (Str +2)


Message History

The cyclops dissolves into shadows!
You hit the very large slime creature. You barely miss the boggart.
You slice the rakshasa like a ripe choko!!!
You hear a shout!
The boggart mumbles some strange words.
The boggart blinks!
The cyclops throws a large rock.
The large rock hits you!!
* * * LOW HITPOINT WARNING * * *
The large rock dissolves into shadows!
You slice the boggart!!
You kill the boggart!
Trog accepts your kill.
Trog appreciates your killing of a magic user.
The very large slime creature dissolves into shadows!
The slime creature dissolves into shadows!
You slice the rakshasa!!
You kill the rakshasa!
The vault warden shimmers and vanishes!
The boggart shimmers and vanishes!
The deep elf archer dissolves into shadows!
The deep elf death mage dissolves into shadows!
The deep elf mage dissolves into shadows! x2
The boggart gestures wildly while chanting.
The boggart flickers and vanishes for a moment.
You completely miss the boggart. Your headbutt misses the boggart.
The boggart is severely wounded.
The boggart gestures wildly while chanting.
The cyclops throws a large rock.
The large rock closely misses the boggart.
The large rock hits you!!
* * * LOW HITPOINT WARNING * * *
The large rock dissolves into shadows!
You barely miss the boggart.
The boggart is severely wounded.
You slice the boggart!!
You kill the boggart!
Trog accepts your kill.
Trog appreciates your killing of a magic user.
The cyclops dissolves into shadows!
The yaktaur wields a +2 arbalest of flaming.
It bursts into flame!
The yaktaur shoots a bolt.
The bolt hits you!
You die...

#...........# #........ '..#
#...........# #........ #..#
#...........# #........ #y.#
#...........# ##'####### #..#
#...........# #..# ###.p#
#..........[# #..#
.....###+#+######### ##..##
.....#.......c.....####....####
...pT#(.....poo.@..+..........#
....)#(...(..W∩g...#..........#
.....)p.....p..o...####....####
.....#)............# ##..##
.....#)(...........# #..#
.....#....(((......# #..#
.....#......)......# ####
.....########+###### .....#
...c


You could see an ironheart preserver, a vault warden, a yaktaur, a freezing
wraith, a boggart (invisible), an orc wizard and 2 orcs.

Vanquished Creatures
  Roxanne (Spider:1)
  4 ghost moths
  A fire giant (D:15)
  9 emperor scorpions
  The ghost of greedy the Black Belt, a journeyman DsAr of Uskayaw (D:15)
  2 vault wardens (Vaults:1)
  A reaper (IceCv)
  An ironheart preserver (Vaults:1)
  4 entropy weavers
  2 spark wasps (Spider:3)
  Snorg (Lair:3)
  An ettin (D:12)
  2 fire dragons (Vaults:1)
  2 vault guards (D:13)
  8 hydras
  A catoblepas (Lair:6)
  5 centaur warriors
  5 two-headed ogres
  8 death yaks
  3 deep troll shamans
  A tengu warrior (D:13)
  An ogre mage (Vaults:1)
  A queen ant (Spider:1)
  2 orc high priests
  8 skeletal warriors
  An unseen horror (D:13)
  3 deep trolls (Vaults:1)
  5 orc knights
  A deep elf archer (Bailey)
  A wizard (D:13)
  A lindwurm (Lair:6)
  A necromancer (D:13)
  3 ironbrand convokers (Vaults:1)
  An orc sorcerer (Orc:1)
  8 oklob plants
  32 orb spiders
  48 wolf spiders
  A manticore (D:12)
  8 deep elf magi
  4 ugly things
  6 cyclopes
  12 elephants
  2 ice statues (IceCv)
  A gargoyle (D:12)
  A torpor snail (Lair:6)
  A spiny frog (shapeshifter) (Vaults:1)
  5 black mambas
  A vault sentinel (Vaults:1)
  2 centaur skeletons
  13 spiny frogs
  A rime drake (shapeshifter) (Vaults:1)
  3 yaktaurs (Vaults:1)
  An efreet (D:14)
  12 demonic crawlers
  3 kobold demonologists
  4 komodo dragons
  A tengu conjurer (D:13)
  12 ice devils (IceCv)
  47 jumping spiders
  3 polar bears
  3 trolls
  12 meliai
  2 queen bees
  19 slime creatures
  A troll (shapeshifter) (Vaults:1)
  8 hornets
  9 dream sheep
  8 blink frogs (Lair:6)
  2 bog bodies (Lair:3)
  8 hippogriffs
  91 redbacks
  53 yaks
  3 wraiths
  35 tarantellas
  20 humans (D:13)
  A hungry ghost (D:12)
  5 wyverns
  2 basilisks
  3 vampire mosquitoes (D:13)
  3 swamp worms (Lair:3)
  25 soldier ants (Spider:1)
  3 acid dragons
  3 wargs
  8 water moccasins
  A floating eye (shapeshifter) (Vaults:1)
  43 orc warriors
  12 porcupines
  2 black bears
  3 sky beasts
  An eye of draining (D:11)
  A necrophage (D:6)
  2 phantoms
  9 ogres
  The ghost of PigIron the Chopper, an amateur DsBe of Trog (D:3)
  7 boggarts
  30 wolves
  23 centaurs
  11 crocodiles
  6 big kobolds
  22 bullfrogs
  12 scorpions
  55 killer bees
  29 wights
  8 howler monkeys
  2 electric eels
  7 crimson imps
  5 centaur zombies
  7 hounds
  5 jellies
  A quasit (D:4)
  12 orc priests
  4 bullfrog skeletons
  4 iguanas
  21 orc wizards
  24 worker ants
  2 hound zombies
  A hound skeleton (D:9)
  Robin (D:4)
  A worker ant zombie (D:9)
  7 gnolls
  16 adders
  7 shadow imps
  4 white imps (IceCv)
  9 ufetubi (IceCv)
  2 oozes
  2 adder skeletons (D:5)
  6 worms
  2 dart slugs
  8 leopard geckos
  74 orcs
  A ball python (D:5)
  8 bats
  5 giant cockroaches
  11 goblins
  10 hobgoblins
  13 jackals
  2 quokkas
  3 frilled lizards
  22 kobolds
  3 leopard gecko skeletons
  5 rats
  5 fungi
  5 plants
1256 creatures vanquished.

Vanquished Creatures (others)
  A fire giant (D:12)
  3 white imps (IceCv)
  2 ufetubi (IceCv)
  18 fungi
  5 plants
29 creatures vanquished.

Grand Total: 1285 creatures vanquished

Notes
Turn   | Place    | Note
-------+----------+-------------------------------------------
     0 | D:1      | glosham the Minotaur Berserker began the quest for the Orb.
     0 | D:1      | Reached XP level 1. HP: 19/19 MP: 0/0
   206 | D:1      | Reached skill level 4 in Axes
   242 | D:1      | Reached XP level 2. HP: 18/27 MP: 1/1
   286 | D:1      | Reached skill level 4 in Fighting
   641 | D:1      | Reached ** piety under Trog
   709 | D:2      | Reached XP level 3. HP: 33/33 MP: 2/2
   813 | D:2      | Reached skill level 5 in Axes
  1163 | D:3      | Reached skill level 6 in Axes
  1163 | D:3      | Reached XP level 4. HP: 40/40 MP: 3/3
  1230 | D:3      | Found a large runed translucent door.
  1230 | D:3      | Found a large runed translucent door.
  1330 | D:3      | Reached skill level 7 in Axes
  1330 | D:3      | Reached XP level 5. HP: 46/46 MP: 4/4
  1512 | D:3      | Reached XP level 6. HP: 37/52 MP: 5/5
  1518 | D:3      | Reached skill level 8 in Axes
  1688 | D:3      | Noticed PigIron's ghost (amateur DsBe)
  1819 | D:3      | Reached *** piety under Trog
  1923 | D:3      | Gained mutation: Your system is resistant to poisons.
                  | (rPois) [potion of mutation]
  1923 | D:3      | Gained mutation: Your muscles are strong. (Str +2) [potion
                  | of mutation]
  1923 | D:3      | Gained mutation: You are somewhat resistant to further
                  | mutation. [potion of mutation]
  1928 | D:3      | Killed PigIron's ghost
  1988 | D:4      | Reached skill level 9 in Axes
  2071 | D:4      | Got a pitted bronze ring
  2273 | D:4      | Reached XP level 7. HP: 59/59 MP: 6/6
  2391 | D:4      | Noticed Robin
  2398 | D:4      | Killed Robin
  2433 | D:4      | Identified the ring of Vanoro Niro {rElec EV+4 Str+9} (You
                  | found it on level 4 of the Dungeon)
  2586 | D:4      | Reached skill level 10 in Axes
  2637 | D:4      | Reached **** piety under Trog
  2762 | D:5      | Entered Level 5 of the Dungeon
  2853 | D:5      | Reached skill level 11 in Axes
  2898 | D:5      | Reached XP level 8. HP: 56/66 MP: 7/7
  3117 | D:5      | Reached skill level 12 in Axes
  3374 | D:6      | Found a staircase to the Ecumenical Temple.
  3619 | D:6      | Reached skill level 13 in Axes
  3624 | D:6      | Found a stormy altar of Qazlal.
  3925 | D:7      | Reached XP level 9. HP: 71/71 MP: 8/8
  3961 | D:7      | Reached ***** piety under Trog
  3966 | D:7      | Reached skill level 14 in Axes
  4105 | D:7      | Got an encrusted cloak
  4111 | D:7      | Identified the +1 cloak "Bykoat" {SInv} (You found it on
                  | level 7 of the Dungeon)
  4327 | D:7      | Found a hide-covered altar of Uskayaw.
  4327 | D:7      | Noticed a +0 hand axe
  4327 | D:7      | Noticed a +0 hand axe
  4549 | D:8      | Noticed a brown ugly thing
  4567 | D:8      | Killed a brown ugly thing
  4567 | D:8      | Reached skill level 15 in Axes
  4711 | D:8      | Got a steaming wooden ring
  5077 | D:9      | Noticed a troll
  5084 | D:9      | Killed a troll
  5084 | D:9      | Reached skill level 16 in Axes
  5144 | D:9      | Reached XP level 10. HP: 69/78 MP: 9/9
  5277 | D:9      | Found a staircase to the Lair.
  5303 | D:9      | Identified the ring of Seoti {rF+ AC+3} (You found it on
                  | level 8 of the Dungeon)
  5596 | D:9      | Received a gift from Trog
  5615 | D:9      | Reached skill level 17 in Axes
  5721 | D:10     | Entered Level 10 of the Dungeon
  6254 | D:10     | Reached skill level 18 in Axes
  6420 | D:11     | Noticed a cyclops
  6425 | D:11     | Killed a cyclops
  6545 | D:11     | Found a staircase to the Orcish Mines.
  6581 | D:11     | Noticed a sun demon
  6639 | D:11     | Reached XP level 11. HP: 84/84 MP: 0/10
  6692 | D:11     | Noticed a brown ugly thing
  6699 | D:11     | Killed a green ugly thing
  7209 | D:12     | Reached skill level 19 in Axes
  7404 | D:12     | Found Itioxudd's Armour Emporium.
  7405 | D:12     | Noticed a green ugly thing
  7419 | D:11     | Killed a green ugly thing
  7736 | D:12     | Reached skill level 20 in Axes
  7743 | D:12     | Reached skill level 5 in Fighting
  7844 | D:12     | Reached skill level 6 in Fighting
  7851 | D:12     | Received a gift from Trog
  7852 | D:12     | Got a slimy executioner's axe {god gift}
  7891 | D:12     | Reached skill level 7 in Fighting
  7892 | D:12     | Noticed a three-headed hydra
  7902 | D:12     | Killed a one-headed hydra
  7906 | D:12     | Reached skill level 8 in Fighting
  8075 | D:12     | Reached skill level 9 in Fighting
  8078 | D:12     | Reached XP level 12. HP: 104/104 MP: 11/11
  8171 | D:12     | Reached skill level 10 in Fighting
  8204 | D:12     | Noticed a fire giant
  8219 | D:12     | Killed a fire giant
  8219 | D:12     | Noticed an ettin
  8224 | D:12     | Reached skill level 11 in Fighting
  8228 | D:12     | Killed an ettin
  8230 | D:12     | HP: 10/110 [killer bee (6)]
  8232 | D:12     | HP: 4/110 [killer bee (7)]
  8465 | D:12     | Reached skill level 12 in Fighting
  8553 | Orc:1    | Entered Level 1 of the Orcish Mines
  8586 | Orc:1    | Reached skill level 3 in Armour
  8793 | D:12     | Bought the +6 plate armour of the Worm {+Blink} for 804
                  | gold pieces
  8878 | Orc:1    | Found Uhup Uce's Antique Armour Boutique.
  8903 | Orc:1    | Reached skill level 4 in Armour
  8903 | Orc:1    | Reached skill level 3 in Dodging
  8933 | Orc:1    | Received a gift from Trog
  8934 | Orc:1    | Got a scorched battleaxe {god gift}
  8969 | Orc:1    | Found a roughly hewn altar of Beogh.
  9033 | Orc:1    | Reached skill level 5 in Armour
  9201 | D:9      | Identified the +4 battleaxe of Trog's Outrage {venom, rF+
                  | Dex+2} (Trog gifted it to you on level 1 of the Orcish
                  | Mines)
  9202 | D:9      | Identified the +10 executioner's axe of the Everdark {elec,
                  | Int-2 Dex+6} (Trog gifted it to you on level 12 of the
                  | Dungeon)
  9209 | Lair:1   | Entered Level 1 of the Lair of Beasts
  9437 | Lair:1   | Reached ****** piety under Trog
  9741 | Lair:1   | Noticed a six-headed hydra
  9745 | Lair:1   | Killed a six-headed hydra
  9823 | Lair:1   | Got a dazzling chain mail
  9866 | Lair:2   | Found a hole to the Spider Nest.
  9873 | Lair:2   | Reached XP level 13. HP: 118/118 MP: 12/12
  9978 | Lair:2   | Reached skill level 21 in Axes
 10293 | Lair:3   | Noticed Snorg
 10299 | Lair:3   | Killed Snorg
 10541 | Lair:3   | Received a gift from Trog
 10657 | Lair:3   | Found a staircase to the Swamp.
 10771 | Lair:3   | Got a bone falchion
 11036 | Lair:4   | Found a frozen archway.
 11055 | Lair:4   | Identified the cursed +1 chain mail of the Lich-sworn
                  | {*Contam rCorr Str+2 Slay+3} (You found it on level 1 of
                  | the Lair of Beasts)
 11059 | IceCv    | Entered an ice cave
 11088 | IceCv    | Received a gift from Trog
 11145 | IceCv    | Reached skill level 22 in Axes
 11147 | IceCv    | HP: 2/118 [ice devil (16)]
 11626 | IceCv    | Noticed a reaper
 11673 | IceCv    | Killed a reaper
 11687 | IceCv    | Got a translucent demon trident
 11978 | Lair:4   | Identified the +8 demon trident "Jid Xaff" {drain, Str+3
                  | Int+3} (You found it in an ice cave)
 12362 | Lair:4   | Reached skill level 23 in Axes
 12623 | Lair:5   | Reached XP level 14. HP: 115/126 MP: 13/13
 12711 | Lair:5   | Found a staircase to the Slime Pits.
 12991 | Lair:5   | Received a gift from Trog
 13219 | Lair:6   | Entered Level 6 of the Lair of Beasts
 13366 | Lair:6   | Reached skill level 24 in Axes
 13520 | Lair:6   | Received a gift from Trog
 13769 | Lair:6   | Identified the +11 falchion of Hodayxer {slice, *Rage Int+2
                  | Dex+4} (You found it on level 3 of the Lair of Beasts)
 13951 | Lair:6   | Reached skill level 25 in Axes
 14522 | D:13     | Found a flagged portal.
 14539 | Bailey   | Entered a bailey
 14593 | Bailey   | Reached XP level 15. HP: 132/132 MP: 14/14
 14697 | D:13     | Received a gift from Trog
 15048 | D:13     | Found a gate to the Vaults.
 15062 | D:13     | Reached skill level 26 in Axes
 15222 | D:14     | Found a bloodstained altar of Trog.
 15307 | D:14     | Reached skill level 13 in Fighting
 15323 | D:14     | Received a gift from Trog
 15588 | D:15     | Entered Level 15 of the Dungeon
 15705 | D:15     | Found a shimmering altar of Xom.
 15778 | D:15     | Found a large runed translucent door.
 15779 | D:15     | Found a large runed translucent door.
 15781 | D:15     | Noticed greedy's ghost (journeyman DsAr)
 15789 | D:15     | Killed greedy's ghost
 15800 | D:15     | Identified the +4 mace of the Evening {crush, Int+2 Dex+4
                  | Stlth+} (You found it on level 15 of the Dungeon)
 15914 | D:15     | Noticed a fire giant
 15914 | D:15     | Found a staircase to the Depths.
 15927 | D:15     | Killed a fire giant
 15927 | D:15     | Reached skill level 14 in Fighting
 16367 | Orc:2    | Entered Level 2 of the Orcish Mines
 16706 | Orc:2    | Received a gift from Trog
 16742 | Orc:2    | Found a staircase to the Elven Halls.
 16842 | Orc:2    | Reached skill level 15 in Fighting
 17000 | Orc:2    | Found Yggothim's Armour Shop.
 17000 | Orc:2    | Found Weuven's Book Emporium.
 17002 | Orc:2    | Found Fock's General Store.
 17004 | Orc:2    | Found Qefru's Antique Weapon Boutique.
 17015 | Orc:2    | Bought a manual of Crossbows for 1104 gold pieces
 17065 | Orc:1    | Found Maheadoe's Book Emporium.
 17089 | Orc:1    | Reached skill level 1 in Crossbows
 17104 | Orc:1    | Reached skill level 2 in Crossbows
 17104 | Orc:1    | Reached skill level 3 in Crossbows
 17381 | Spider:1 | Entered Level 1 of the Spider Nest
 17397 | Spider:1 | Reached skill level 4 in Crossbows
 17410 | Spider:1 | Reached skill level 5 in Crossbows
 17427 | Spider:1 | Reached skill level 6 in Crossbows
 17521 | Spider:1 | Reached skill level 7 in Crossbows
 17539 | Spider:1 | Reached skill level 8 in Crossbows
 17548 | Spider:1 | Reached XP level 16. HP: 82/149 MP: 15/15
 17558 | Spider:1 | Received a gift from Trog
 17569 | Spider:1 | Reached skill level 9 in Crossbows
 17606 | Spider:1 | Reached skill level 10 in Crossbows
 17756 | Spider:1 | Reached skill level 11 in Crossbows
 17816 | Spider:1 | Reached skill level 12 in Crossbows
 17946 | Spider:1 | Identified Roxanne's Tome of Moulding
 17946 | Spider:1 | Noticed Roxanne
 18064 | Spider:1 | Killed Roxanne
 18064 | Spider:1 | Reached skill level 13 in Crossbows
 18142 | Spider:1 | Received a gift from Trog
 18243 | Spider:2 | Reached skill level 14 in Crossbows
 18351 | Spider:2 | Paralysed by a hornet for 3 turns
 18432 | Spider:2 | Received a gift from Trog
 18464 | Spider:2 | Reached skill level 15 in Crossbows
 18721 | Spider:2 | Received a gift from Trog
 19160 | Spider:3 | Reached skill level 16 in Crossbows
 19175 | Spider:3 | Received a gift from Trog
 19208 | Spider:3 | HP: 14/149 [spark wasp (4)]
 19351 | Spider:3 | Received a gift from Trog
 19439 | Spider:3 | Reached XP level 17. HP: 40/156 MP: 0/16
 19532 | Spider:3 | Reached skill level 17 in Crossbows
 19600 | Spider:3 | Received a gift from Trog
 19851 | Spider:4 | Entered Level 4 of the Spider Nest
 19974 | Spider:4 | Reached skill level 18 in Crossbows
 20106 | Spider:4 | HP: 15/157 [poisoned by a redback]
 20418 | Spider:4 | Reached skill level 16 in Fighting
 20420 | Spider:4 | Received a gift from Trog
 20740 | Spider:4 | Reached skill level 17 in Fighting
 20894 | Spider:4 | Got a gossamer rune of Zot
 21256 | Vaults:1 | Entered Level 1 of the Vaults
 21476 | Vaults:1 | Found Xezuocon's Magic Scroll Shoppe.
 21529 | Vaults:1 | Reached skill level 18 in Fighting
 21556 | Vaults:1 | Received a gift from Trog
 21565 | Vaults:1 | Reached XP level 18. HP: 110/172 MP: 14/17
 21752 | Vaults:1 | Reached skill level 19 in Fighting
 21763 | Vaults:1 | HP: 1/176 [cyclops/large rock[a boggart] (19)]
 21764 | Vaults:1 | Shot with a bolt by a yaktaur

Levels and vault maps discovered:
D:1:      zelgadis_glass_arrival_small, layout_basic
D:2:      layout_rooms, lemuel_another_geyser
D:3:      minmay_inner_zag, layout_rooms, ebering_ghost_disaster_area, tgw_xom
D:4:      layout_basic, first_ration, uniq_robin
D:5:      layout_cave_pools, dk_vineyard_2, minmay_misc_feat_rows
D:6:      layout_loops_ring, minmay_temple_entry_arrows, basic_altar
D:7:      layout_loops_ring, dancing_weapons_uskayaw
D:8:      layout_basic
D:9:      layout_basic, grunt_lair_entry_orc_guard_hut
D:10:     layout_irregular_city
D:11:     layout_basic, orc_0_dummy
D:12:     regret_index_bee_streams, layout_cross, serial_shops, shop,
          hangedman_ranch [blue_anna_fruit_fields]
D:13:     layout_rooms, grunt_vaults_entry_tiered, enter_bailey_2
D:14:     layout_cave_pools, lemuel_altar_in_water
D:15:     grunt_enter_depths_giant_problem, layout_layer_cave,
          ebering_ghost_disaster_area, lemuel_tele_altar
Lair:1:   layout_roguey, serial_bayou_shore_a, grunt_megastairs_5
Lair:2:   layout_cave_shapes, nicolae_spider_entry_orb_guardian
Lair:3:   layout_long_grid, nicolae_swamp_entry_splash_gauntlet,
          infiniplex_staircase_pool, grunt_megastairs_4, uniq_snorg
Lair:4:   layout_long_grid, portal_ice_cave_entry_pillars_2, minivault_27,
          grunt_forest_small_clearings, minmay_lair_oklob_items,
          beast_lair_carwin_2, serial_bayou_shore_b
Lair:5:   layout_gridlike, minmay_slime_entry_oklob_enclosed, minivault_26,
          kilobyte_rumbling_trees
Lair:6:   grunt_lair_end_beastmaster, layout_gridlike, grunt_megastairs_2,
          minmay_lair_oklob_chamber, lemuel_fruit_tree
Spider:1: layout_spider_delve, nicolae_spider_webs_and_nodes, zaba_anthell,
          uniq_roxanne
Spider:2: spiders_nest_scorpion_pit, spiders_nest_spider_trap
Spider:3: layout_spider_delve
Spider:4: grunt_spider_rune_circles
Orc:1:    layout_caves, serial_shops, nicolae_shop_stone, shop, special_room
          [special_room_bee], mines2_david
Orc:2:    st_orc_rangers, layout_caves
Vaults:1: nicolae_vaults_theta, ontoclasm_vaults_echo,
          nicolae_vaults_border_crossing, hangedman_vaults_river_flow,
          vaults_dpeg_cross, nicolae_vaults_network_barrier, v_misc_16,
          dpeg_vaults_monster_box, v_misc_9, nicolae_vaults_little_ls,
          nicolae_vaults_rhombus_6, v_pattern_1, layout_vaults_omnibox,
          serial_shops, shop

Skill      XL: |  1  2  3  4  5  6  7  8  9 10 11 12 13 14 15 16 17 18 |
---------------+-------------------------------------------------------+-----
Axes           | 4 6 7 9 11 13 16 18 20 23 25 26 | 26.0
Fighting       | 4 9 12 15 18 19 | 19.1
Armour         | 5 |  5.5
Dodging        | 3 |  3.8
Crossbows      | 8 16 18 | 18.0

Action                   |  1- 3 |  4- 6 |  7- 9 | 10-12 | 13-15 | 16-18 || total
-------------------------+-------+-------+-------+-------+-------+-------++-------
Melee: Hand axe          |    77 |    15 |       |     4 |       |       ||    96
       Headbutt          |     9 |    10 |    39 |   129 |   164 |   192 ||   543
       Halberd           |       |    73 |   177 |       |       |       ||   250
       Battleaxe         |       |       |    83 |   480 |     3 |       ||   566
       Executioner's axe |       |       |       |    53 |   632 |   656 ||  1341
       Demon trident     |       |       |       |       |    22 |       ||    22
       Dire flail        |       |       |       |       |     2 |       ||     2
 Fire: Hunting sling     |    24 |    20 |     6 |     3 |       |       ||    53
       Arbalest          |       |       |       |       |    14 |    75 ||    89
       Hand crossbow     |       |       |       |       |    35 |       ||    35
Throw: Dart              |       |       |     8 |       |       |       ||     8
Invok: Berserk           |     1 |     8 |     2 |     3 |     2 |     2 ||    18
       Trog's Hand       |       |       |       |     1 |     2 |       ||     3
Evoke: Wand              |       |       |     5 |    14 |    13 |     3 ||    35
       Lamp of fire      |       |       |       |       |     1 |       ||     1
  Use: Scroll            |     6 |     5 |     8 |     8 |    23 |     2 ||    52
       Potion            |       |     3 |       |     2 |       |     2 ||     7
 Stab: Distracted        |       |       |       |       |       |     1 ||     1
       Held in net/web   |       |       |       |       |       |     1 ||     1
  Eat: Chunk             |     2 |    10 |    12 |    19 |    23 |    13 ||    79
       Ration            |       |       |       |       |     2 |       ||     2
Armor: Animal skin       |    10 |       |       |       |       |       ||    10
       Chain mail        |     4 |    35 |    29 |       |   215 |   298 ||   581
       Plate armour      |       |       |    47 |   204 |    35 |       ||   286
Dodge: Dodged            |    37 |    34 |    98 |   239 |   351 |   396 ||  1155

Table legend:
 A = Turns spent in this place as a percentage of turns spent in the entire game.
 B = Non-inter-level travel turns spent in this place as a percentage of non-inter-level travel turns spent in the entire game.
 C = Inter-level travel turns spent in this place as a percentage of turns spent in this place.
 D = Turns resting spent in this place as a percentage of non-inter-level travel turns spent in this place.
 E = Turns spent auto-exploring this place as a percentage of non-inter-level travel turns spent in this place.
 F = Non-inter-level travel turns spent in this place divided by the number of levels of this place that you've seen.
                   A       B       C       D       E      F
               +-------+-------+-------+-------+-------+----------------------
         Total | 100.0 | 100.0 |  10.7 |   3.9 |   0.8 | 647.8
       Dungeon |  50.9 |  49.4 |  13.4 |   4.0 |   0.7 | 639.5
          Lair |  20.0 |  20.5 |   8.8 |   1.8 |   0.9 | 662.7
   Spider Nest |  16.7 |  17.1 |   8.3 |   1.7 |   1.1 | 831.2
  Orcish Mines |   6.1 |   6.0 |  12.2 |   6.0 |   0.8 | 581.5
        Vaults |   2.3 |   2.6 |   0.0 |   2.8 |   0.0 | 508.0
        Bailey |   0.7 |   0.8 |   0.0 |   2.0 |   0.0 | 147.0
      Ice Cave |   3.3 |   3.7 |   0.0 |  23.1 |   0.0 | 723.0
               +-------+-------+-------+-------+-------+----------------------

Table legend:
 A = Kills in this place as a percentage of kills in entire the game.
 B = Kills by you in this place as a percentage of kills by you in the entire game.
 C = Kills by friends in this place as a percentage of kills by friends in the entire game.
 D = Other kills in this place as a percentage of other kills in the entire game.
 E = Experience gained in this place as a percentage of experience gained in the entire game.
 F = Experience gained in this place divided by the number of levels of this place that you have seen.
                   A       B       C       D       E      F
               +-------+-------+-------+-------+-------+----------------------
         Total | 100.0 | 100.0 |   N/A | 100.0 | 100.0 | 10214.7
       Dungeon |  39.9 |  39.8 |   N/A | 100.0 |  20.1 | 4102.7
          Lair |  14.8 |  14.8 |   N/A |   0.0 |  18.7 | 9557.3
   Spider Nest |  27.4 |  27.4 |   N/A |   0.0 |  42.7 | 32726.5
  Orcish Mines |   9.7 |   9.7 |   N/A |   0.0 |   4.4 | 6798.5
        Vaults |   5.3 |   5.3 |   N/A |   0.0 |  10.6 | 32526.0
        Bailey |   0.6 |   0.6 |   N/A |   0.0 |   1.5 | 4641.0
      Ice Cave |   2.2 |   2.2 |   N/A |   0.0 |   1.9 | 5886.0
               +-------+-------+-------+-------+-------+----------------------

Levels and vault maps discovered:
D:1:      zelgadis_glass_arrival_small, layout_basic
D:2:      layout_rooms, lemuel_another_geyser
D:3:      minmay_inner_zag, layout_rooms, ebering_ghost_disaster_area, tgw_xom
D:4:      layout_basic, first_ration, uniq_robin
D:5:      layout_cave_pools, dk_vineyard_2, minmay_misc_feat_rows
D:6:      layout_loops_ring, minmay_temple_entry_arrows, basic_altar
D:7:      layout_loops_ring, dancing_weapons_uskayaw
D:8:      layout_basic
D:9:      layout_basic, grunt_lair_entry_orc_guard_hut
D:10:     layout_irregular_city
D:11:     layout_basic, orc_0_dummy
D:12:     regret_index_bee_streams, layout_cross, serial_shops, shop,
          hangedman_ranch [blue_anna_fruit_fields]
D:13:     layout_rooms, grunt_vaults_entry_tiered, enter_bailey_2
D:14:     layout_cave_pools, lemuel_altar_in_water
D:15:     grunt_enter_depths_giant_problem, layout_layer_cave,
          ebering_ghost_disaster_area, lemuel_tele_altar
Lair:1:   layout_roguey, serial_bayou_shore_a, grunt_megastairs_5
Lair:2:   layout_cave_shapes, nicolae_spider_entry_orb_guardian
Lair:3:   layout_long_grid, nicolae_swamp_entry_splash_gauntlet,
          infiniplex_staircase_pool, grunt_megastairs_4, uniq_snorg
Lair:4:   layout_long_grid, portal_ice_cave_entry_pillars_2, minivault_27,
          grunt_forest_small_clearings, minmay_lair_oklob_items,
          beast_lair_carwin_2, serial_bayou_shore_b
Lair:5:   layout_gridlike, minmay_slime_entry_oklob_enclosed, minivault_26,
          kilobyte_rumbling_trees
Lair:6:   grunt_lair_end_beastmaster, layout_gridlike, grunt_megastairs_2,
          minmay_lair_oklob_chamber, lemuel_fruit_tree
Spider:1: layout_spider_delve, nicolae_spider_webs_and_nodes, zaba_anthell,
          uniq_roxanne
Spider:2: spiders_nest_scorpion_pit, spiders_nest_spider_trap
Spider:3: layout_spider_delve
Spider:4: grunt_spider_rune_circles
Orc:1:    layout_caves, serial_shops, nicolae_shop_stone, shop, special_room
          [special_room_bee], mines2_david
Orc:2:    st_orc_rangers, layout_caves
Vaults:1: nicolae_vaults_theta, ontoclasm_vaults_echo,
          nicolae_vaults_border_crossing, hangedman_vaults_river_flow,
          vaults_dpeg_cross, nicolae_vaults_network_barrier, v_misc_16,
          dpeg_vaults_monster_box, v_misc_9, nicolae_vaults_little_ls,
          nicolae_vaults_rhombus_6, v_pattern_1, layout_vaults_omnibox,
          serial_shops, shop
